 Dungeon Sprint DCSS version 0.30-a0-800-g7c544603b3 (webtiles) character file.

Game seed: 3253164673021685399

6100000 BigDaddyOpFi the Champion of Chaos (level 24, -12/208 HPs)
             Began as a Djinni Warper on Feb 22, 2023.
             Was the Champion of Makhleb.
             Mangled by a bag of meat
             ... wielding a +9 war axe
              (24 damage)
             ... in the Dungeon (Sprint VIII: "Arena of Blood").
             The game lasted 00:01:53 (61 turns).

BigDaddyOpFi the Champion of Chaos (Djinni Warper)    Turns: 61, Time: 00:01:54

Health: -12/208    AC:  6    Str: 10    XL:     24   Next: 31%
Gold:   0          EV: 35    Int: 16    God:    Makhleb [******] SH:  0 Dex: 24

rFire   + + .      SeeInvis .    h - +∞ Axe of Woe
rCold   x . .      Faith    .    (shield currently unavailable)
rNeg    . . .      Spirit   .    a - +0 leather armour
rPois   ∞          Reflect  .    (no helmet)
rElec   .          Harm     .    (no cloak)
rCorr   .          Rampage  .    (no gloves)
Will    ++...      NoTele   +    (boots unavailable)
Stlth   ++++++++++               (no amulet)
HPRegen 0.54/turn                (no ring)
MPRegen 0.00/turn                (no ring)

@: flying
A: sickness immunity, fire resistance 2, cold vulnerability 1, float, innate
caster, HP casting, extra vitality 1
a: Renounce Religion, Minor Destruction, Lesser Servant of Makhleb, Major
Destruction, Greater Servant of Makhleb


You were in the Dungeon.
You worshipped Makhleb.
Makhleb was exalted by your worship.
You visited 1 branch

Inventory:

Hand Weapons
 h - the +∞ Axe of Woe (weapon)
   (You found it in the Dungeon)
Missiles
 c - 7 boomerangs of dispersal (quivered)
Armour
 a - a +0 leather armour (worn)
Scrolls
 b - 2 scrolls of blinking
Potions
 d - a potion of curing
 e - a potion of heal wounds
 f - a potion of haste
 g - a potion of berserk rage


   Skills:
 O Level 27 Fighting
 O Level 27 Axes
 + Level 24.5(27) Maces & Flails
 + Level 24.5(27) Polearms
 - Level 0.7 Throwing
 O Level 27 Armour
 O Level 27 Dodging
 + Level 26.4 Stealth
 O Level 27 Unarmed Combat
 O Level 27 Spellcasting
 O Level 27 Invocations


You knew the following spells:

 Your Spells              Type           Power      Damage    Failure   Level
a - Blink                 Tloc           100%       N/A       0%          2
b - Lesser Beckoning      Tloc           100%       N/A       0%          2
c - Vhi's Electric Charg  Tloc/Air       100%       N/A       0%          3
d - Teleport Other        Tloc           82%        N/A       0%          3
e - Manifold Assault      Tloc           82%        N/A       0%          4
f - Sting                 Tmut/Pois      100%       1d8       0%          1
g - Passwall              Tmut/Erth      68%        N/A       0%          2
h - Static Discharge      Conj/Air       100%       2-7/arc   0%          2
i - Confusing Touch       Hex            82%        N/A       0%          3
j - Summon Ice Beast      Ice/Summ       82%        N/A       0%          4
k - Arcjolt               Conj/Air       41%        1d51      0%          5
l - Starburst             Conj/Fire      41%        6d12      0%          6
m - Storm Form            Tmut/Air       41%        N/A       1%          7
n - Dragon Form           Tmut           41%        N/A       1%          7
o - Disjunction           Tloc           41%        N/A       1%          8
p - Necromutation         Tmut/Necr      41%        N/A       1%          8
Your spell library was empty.

Dungeon Overview and Level Annotations

Branches:
Dungeon (1/1)

Altars:
Makhleb

Annotations:
D The Captor


Innate Abilities, Weirdness & Mutations

You are immune to sickness and miasma.
You are immune to poison.
Your flesh is very heat resistant. (rF++)
You are vulnerable to cold. (rC-)
You float through the air rather than walking.
You learn spells naturally, not from books.
Your magical power is your life essence.
You have superior vitality. (+4 MHP)


Message History

You hear two shouts!
You hear a shout! x2
The eight-headed meat hydra calls on the powers of darkness!
The eight-headed meat hydra convulses!
The Captor convulses!
Your body is wracked with pain!
The meat berserker convulses!
The bag of meat convulses! x2
You hear a shout! x3
The Captor casts a spell at you.
The stream of webbing hits you but does no damage.
You are caught in a web!
The destroyer points at you and mumbles some strange words.
The destroyer blinks!
You hear a shout!
The meat berserker closely misses you.
You hear a shout! x2
Your Stealth skill increases to level 26!
Unknown command.
The web tears apart.
The dread appears out of thin air!
A dread comes into view.
The meat beast skitters faintly, "Despair, thou mewling sow-suckled erk!"
The meat beast bites you. The meat beast tramples you!
* * * LOW HITPOINT WARNING * * *
You hold your ground!
You hear a shout! x2
The meat beast bites you!!
* * * LOW HITPOINT WARNING * * *
The meat beast tramples you!
* * * LOW HITPOINT WARNING * * *
You are shoved backwards! 2 meat berserkers come into view.
The destroyer gestures at you while chanting.
The destroyer blinks!
You hear a shout!
The eight-headed meat hydra calls on the powers of darkness!
The eight-headed meat hydra convulses!
Your body is wracked with pain!
* * * LOW HITPOINT WARNING * * *
The bag of meat convulses!
The Captor convulses!
The meat berserker convulses!
The bag of meat convulses! x3; The meat berserker convulses!
A dread comes into view.
The bag of meat hits you with a +9 war axe!!
You die...

#. ...# #W. ..§#
. .###.W
...###...
....o.###........
......_W.... ...
#M.)))# ....
#_.<)M# o....
..#.@☼2O#.O.o..
..D..._V@o.oOoO.
......###☼....o..
.###.. ooV###...
#.. ....# .. #.
..o..# ...O.....
.........
..........


You could see 2 accurseds, a meat beast (fast), an eight-headed meat hydra, 2
destroyers, 3 dreads, 5 meat berserkers, The Captor and 10 bags of meat.

Vanquished Creatures
  5 vampire knights (D)
  15 ogres (D)
  5 two-headed ogres (D)
  27 orcs (D)
  3 skeletal warriors (D)
55 creatures vanquished.

Notes
Turn   | Place    | Note
-------+----------+-------------------------------------------
     0 | D        | Found the +∞ Axe of Woe
     0 | D        | BigDaddyOpFi the Djinni Warper began the quest for the Orb.
     0 | D        | BigDaddyOpFi set off with the following spells memorised:
                  | Blink, Lesser Beckoning, Vhi's Electric Charge, Teleport
                  | Other, Manifold Assault.
     0 | D        | Reached XP level 1. HP: 18/18 MP: 0/0
     2 | D        | Noticed a bag of meat
     3 | D        | Noticed a bag of meat
     3 | D        | Noticed a bag of meat
     4 | D        | Became a worshipper of Makhleb the Destroyer
     5 | D        | Noticed a bag of meat
     9 | D        | Killed a bag of meat
    10 | D        | Reached skill level 10 in Invocations
    10 | D        | Reached XP level 2. HP: 19/37 MP: 0/0
    10 | D        | Reached XP level 3. HP: 21/42 MP: 0/0
    10 | D        | Learned a level 1 spell: Sting
    10 | D        | Reached XP level 4. HP: 25/49 MP: 0/0
    10 | D        | Reached XP level 5. HP: 28/54 MP: 0/0
    10 | D        | Learned a level 2 spell: Passwall
    10 | D        | Reached XP level 6. HP: 30/59 MP: 0/0
    10 | D        | Reached XP level 7. HP: 33/65 MP: 0/0
    10 | D        | Learned a level 2 spell: Static Discharge
    10 | D        | Reached XP level 8. HP: 36/71 MP: 0/0
    10 | D        | Reached XP level 9. HP: 39/76 MP: 0/0
    10 | D        | Learned a level 3 spell: Confusing Touch
    10 | D        | Reached XP level 10. HP: 43/83 MP: 0/0
    10 | D        | Reached XP level 11. HP: 45/87 MP: 0/0
    10 | D        | Learned a level 4 spell: Summon Ice Beast
    10 | D        | Killed a bag of meat
    10 | D        | Reached * piety under Makhleb
    10 | D        | Killed a bag of meat
    11 | D        | Reached XP level 12. HP: 52/99 MP: 0/0
    11 | D        | Reached XP level 13. HP: 54/104 MP: 0/0
    11 | D        | Learned a level 5 spell: Arcjolt
    12 | D        | Killed a bag of meat
    12 | D        | Noticed a bag of meat
    13 | D        | Reached skill level 15 in Dodging
    13 | D        | Noticed a meat berserker
    15 | D        | Killed a bag of meat
    15 | D        | Reached ** piety under Makhleb
    16 | D        | Reached skill level 15 in Fighting
    16 | D        | Reached skill level 15 in Armour
    16 | D        | Reached skill level 15 in Invocations
    16 | D        | Reached XP level 14. HP: 89/114 MP: 0/0
    16 | D        | Noticed a bag of meat
    18 | D        | Killed a meat berserker
    18 | D        | Noticed a large bag of meat
    18 | D        | Noticed a bag of meat
    18 | D        | Noticed a bag of meat
    19 | D        | Noticed a bag of meat
    20 | D        | Killed a large bag of meat
    21 | D        | Reached XP level 15. HP: 98/124 MP: 0/0
    21 | D        | Learned a level 6 spell: Starburst
    21 | D        | Noticed a meat berserker
    21 | D        | Noticed a meat berserker
    22 | D        | Noticed a meat berserker
    22 | D        | Reached *** piety under Makhleb
    23 | D        | Noticed a large bag of meat
    23 | D        | Noticed a large bag of meat
    23 | D        | Noticed a meat berserker
    23 | D        | Noticed a meat berserker
    23 | D        | Noticed a destroyer
    24 | D        | Reached skill level 15 in Axes
    24 | D        | Killed a large bag of meat
    24 | D        | Reached **** piety under Makhleb
    25 | D        | Reached skill level 15 in Spellcasting
    25 | D        | Reached XP level 16. HP: 70/135 MP: 0/0
    25 | D        | Killed a meat berserker
    26 | D        | Reached XP level 17. HP: 116/144 MP: 0/0
    26 | D        | Learned a level 7 spell: Storm Form
    26 | D        | Killed a meat berserker
    27 | D        | Killed a large bag of meat
    27 | D        | Reached ***** piety under Makhleb
    27 | D        | Killed a meat berserker
    27 | D        | Killed a meat berserker
    27 | D        | Killed a destroyer
    27 | D        | Noticed a meat berserker
    27 | D        | Noticed a meat berserker
    27 | D        | Noticed a meat berserker
    28 | D        | Reached skill level 27 in Invocations
    28 | D        | Reached XP level 18. HP: 98/159 MP: 0/0
    28 | D        | Reached XP level 19. HP: 103/166 MP: 0/0
    28 | D        | Learned a level 7 spell: Dragon Form
    28 | D        | Killed a meat berserker
    28 | D        | Noticed a destroyer
    29 | D        | Reached skill level 27 in Dodging
    29 | D        | Noticed a destroyer
    29 | D        | Noticed a meat berserker
    30 | D        | Killed a destroyer
    32 | D        | Noticed a large bag of meat
    32 | D        | Killed a meat berserker
    33 | D        | Reached skill level 27 in Fighting
    33 | D        | Reached skill level 27 in Armour
    33 | D        | Reached XP level 20. HP: 181/181 MP: 0/0
    33 | D        | Killed a meat berserker
    33 | D        | Reached ****** piety under Makhleb
    34 | D        | Noticed a large bag of meat
    34 | D        | Killed a meat berserker
    34 | D        | Noticed a destroyer
    35 | D        | Killed a destroyer
    36 | D        | Reached skill level 27 in Axes
    36 | D        | Reached XP level 21. HP: 187/187 MP: 0/0
    36 | D        | Learned a level 8 spell: Disjunction
    36 | D        | Killed a destroyer
    37 | D        | Reached skill level 27 in Spellcasting
    38 | D        | Reached skill level 10 in Stealth
    38 | D        | Killed a meat berserker
    38 | D        | Noticed a destroyer
    41 | D        | Noticed a meat berserker
    42 | D        | Reached XP level 22. HP: 194/194 MP: 0/0
    42 | D        | Noticed a meat berserker
    43 | D        | Reached skill level 15 in Stealth
    43 | D        | Killed a large bag of meat
    44 | D        | Reached skill level 15 in Maces & Flails
    44 | D        | Reached skill level 15 in Polearms
    44 | D        | Noticed a destroyer
    45 | D        | Noticed an accursed
    45 | D        | Killed a large bag of meat
    45 | D        | Noticed a meat berserker
    46 | D        | Killed a meat berserker
    48 | D        | Killed a meat berserker
    48 | D        | Noticed a meat berserker
    48 | D        | Noticed an accursed
    49 | D        | Reached XP level 23. HP: 185/201 MP: 0/0
    49 | D        | Learned a level 8 spell: Necromutation
    51 | D        | Noticed an accursed
    54 | D        | Noticed a destroyer
    56 | D        | Noticed The Captor
    57 | D        | Killed a destroyer
    57 | D        | Noticed a meat beast
    58 | D        | Reached skill level 27 in Unarmed Combat
    58 | D        | Reached XP level 24. HP: 79/208 MP: 0/0
    61 | D        | Noticed a dread
    61 | D        | Noticed a dread
    61 | D        | Noticed a dread
    61 | D        | Mangled by a bag of meat

Illustrated notes

Levels and vault maps discovered:
D:        meatsprint

Skill      XL: |  1  2  3  4  5  6  7  8  9 10 11 12 13 14 15 16 17 18 19 20 21 22 23 24 |
---------------+-------------------------------------------------------------------------+-----
Fighting       | 11 13 15 17 19 20 24 27 | 27.0
Axes           | 9 11 12 14 16 17 20 23 27 | 27.0
Armour         | 11 13 15 17 19 20 24 27 | 27.0
Dodging        | 12 14 16 18 20 21 25 27 | 27.0
Spellcasting   | 8 11 12 13 15 16 19 21 26 27 | 27.0
Invocations    | 10 13 15 19 22 24 27 | 27.0
Maces & Flails | 13 20 23 24 | 24.5
Polearms       | 13 20 23 24 | 24.5
Stealth        | 14 22 25 26 | 26.4
Unarmed Combat | 16 23 27 | 27.0
Throwing       | |  0.7

Action                     |  1- 3 |  4- 6 |  7- 9 | 10-12 | 13-15 | 16-18 | 19-21 | 22-24 || total
---------------------------+-------+-------+-------+-------+-------+-------+-------+-------++-------
  Melee: Executioner's axe |     1 |       |       |     1 |     7 |     3 |    11 |    11 ||    34
   Cast: Disjunction       |       |       |       |       |       |       |     1 |     1 ||     2
  Dodge: Dodged            |       |       |       |       |       |       |       |     1 ||     1

Table legend: (Time is in decaauts)
 A = Elapsed time spent in this place.
 B = Non-inter-level travel time spent in this place.
 C = Inter-level travel time spent in this place.
 D = Time resting spent in this place.
 E = Time spent auto-exploring this place.
 F = Levels seen in this place.
 G = Mean time per level.
                   A        B        C        D        E       F      G
               +--------+--------+--------+--------+--------+-----+--------+
         Total |     57 |     57 |      0 |      0 |      0 |   1 |   57.0 |
       Dungeon |     57 |     57 |      0 |      0 |      0 |   1 |   57.0 |
               +--------+--------+--------+--------+--------+-----+--------+

Top non-repeatable levels by time:
       D: 57 daAuts
